 Dungeon Crawl Stone Soup version 0.31-a0-840-g6d2ecbb638 (webtiles) character file.

Game seed: 10735380584896377365

51817 Conn the Destroyer (level 14, -10/76 HPs)
             Began as an Octopode Fire Elementalist on Sept 27, 2023.
             Was a High Priest of Sif Muna.
             Mangled by a death yak (12 damage)
             ... on level 5 of the Lair of Beasts.
             The game lasted 01:03:03 (19835 turns).

Conn the Destroyer (Octopode Fire Elementalist)    Turns: 19835, Time: 01:03:04

Health: -10/76     AC:  3    Str: 13    XL:     14   Next: 61%
Magic:  37/47      EV: 14    Int: 34    God:    Sif Muna [*****.]
Gold:   568        SH:  6    Dex:  8    Spells: 3/36 levels left

rFire   . . .        J - +1 rapier "Goblinslayer" {heavy, MP+9 Str+5 Dex-4}
rCold   . . .        K - +1 buckler
rNeg    . . .        (helmet restricted)
rPois   +            o - amulet of magic regeneration
rElec   .            d - +6 ring of intelligence
rCorr   +            v - +6 ring of intelligence
SInv    .            w - ring of magical power
Will    +++..        k - ring of willpower
Stlth   ++++         C - ring of flight
HPRegen 0.32/turn    D - ring of willpower
MPRegen 0.70/turn    n - ring of poison resistance
                     B - ring of resist corrosion

%: no passive effects
@: flying
A: almost no armour, amphibious, 8 rings, camouflage 1, gelatinous body 1,
(nimble swimmer 1), tentacles, iridescent scales 1, deterioration 1
a: Renounce Religion, Channel Magic, Forget Spell, Divine Exegesis


You were on level 5 of the Lair of Beasts.
You worshipped Sif Muna.
Sif Muna was extremely pleased with you.
You visited 3 branches of the dungeon, and saw 19 of its levels.

You collected 1053 gold pieces.
You spent 485 gold pieces at shops.

Inventory:

Hand Weapons
 b - a +0 dagger
 j - a +3 dagger of venom
 J - the +1 rapier "Goblinslayer" (weapon) {heavy, MP+9 Str+5 Dex-4}
   (You took it off a kobold brigand on level 12 of the Dungeon)

   Str+5:     It affects your strength (+5).
   Dex-4:     It affects your dexterity (-4).
   MP+9:      It affects your magic capacity (+9).
Missiles
 u - 3 throwing nets
 I - 3 curare-tipped darts (quivered)
Armour
 K - a +1 buckler (worn)
Magical Staves
 P - a staff of poison
Jewellery
 d - a +6 ring of intelligence (left tentacle)
 k - a ring of willpower (on tentacle)
 n - a ring of poison resistance (on tentacle)
 o - an amulet of magic regeneration (around mantle)
 v - a +6 ring of intelligence (right tentacle)
 w - a ring of magical power (on tentacle)
 A - a +4 ring of slaying
 B - a ring of resist corrosion (on tentacle)
 C - a ring of flight (on tentacle)
 D - a ring of willpower (on tentacle)
 Q - an amulet of faith
Wands
 l - a wand of mindburst (18)
 q - a wand of charming (19)
 G - a wand of flame (48)
 N - a wand of roots (3)
Scrolls
 c - 8 scrolls of teleportation
 e - 2 scrolls of immolation
 f - 4 scrolls of noise
 h - 2 scrolls of fog
 i - 3 scrolls of vulnerability
 m - 2 scrolls of poison
 p - 2 scrolls of revelation
 t - a scroll of brand weapon
 x - 2 scrolls of amnesia
 y - a scroll of torment
 F - a scroll of blinking
 H - 5 scrolls of identify
 L - a scroll of enchant weapon
Potions
 a - 3 potions of magic
 g - a potion of mutation
 r - 7 potions of might
 s - 2 potions of enlightenment
 z - a potion of attraction
 E - 3 potions of curing
 M - a potion of brilliance
 O - 2 potions of ambrosia


   Skills:
 + Level 9.2 Dodging
 - Level 6.0 Stealth
 * Level 6.9 Shields
 * Level 11.7 Spellcasting
 * Level 12.6 Conjurations
 - Level 3.0 Hexes
 + Level 2.9 Summonings
 + Level 9.3 Fire Magic
 * Level 4.8 Air Magic
 - Level 5.0 Earth Magic
 * Level 7.5 Invocations


You had 3 spell levels left.
You knew the following spells:

 Your Spells              Type           Power      Damage    Failure   Level
a - Foxfire               Conj/Fire      100%       2x1d9     1%          1
b - Scorch                Fire           100%       2d9       1%          2
c - Inner Flame           Hex/Fire       58%        N/A       1%          3
d - Flame Wave            Conj/Fire      76%        2d17      1%          4
e - Stone Arrow           Conj/Erth      100%       3d13      1%          3
f - Brom's Barrelling Bo  Conj/Erth      68%        2d8       1%          4
g - Starburst             Conj/Fire      38%        6d11      4%          6
h - Summon Guardian Gole  Hex/Summ       40%        N/A       2%          3
i - Swiftness             Air            52%        N/A       1%          3
j - Airstrike             Air            26%        2d(4-20)  3%          4

Your spell library contained the following spells:

 Spells                   Type           Power      Damage    Failure   Level
 Magic Dart               Conj           100%       1d8       0%          1
 Kiss of Death            Conj/Necr      100%       2d13      1%          1
 Sandblast                Erth           100%       2d20      1%          1
 Shock                    Conj/Air       100%       1d9       1%          1
 Slow                     Hex            100%       N/A       1%          1
 Summon Small Mammal      Summ           100%       N/A       1%          1
 Jinxbite                 Hex            80%        N/A       1%          2
 Passwall                 Tmut/Erth      30%        N/A       1%          2
 Searing Ray              Conj           100%       2d8       1%          2
 Volatile Blastmotes      Fire/Tloc      100%       2d18      1%          3
 Apportation              Tloc           40%        N/A       2%          1
 Call Canine Familiar     Summ           39%        N/A       2%          3
 Confusing Touch          Hex            40%        N/A       2%          3
 Sigil of Binding         Hex            40%        N/A       2%          3
 Vampiric Draining        Necr           20%        2d7       9%          3
 Fulminant Prism          Conj/Hex       32%        3d16      1%          4
 Iskenderun's Battlesphe  Conj           81%        2d13      1%          5
 Freezing Cloud           Conj/Ice/Air   28%        6-21      7%          5
 Vhi's Electric Charge    Tloc/Air       72%        N/A       11%         4
 Orb of Destruction       Conj           40%        9d11      14%         7
 Summon Ice Beast         Ice/Summ       29%        N/A       16%         4
 Summon Mana Viper        Hex/Summ       40%        N/A       24%         5
 Plasma Beam              Fire/Air       31%        2x1d44    24%         6
 Dispel Undead            Necr           20%        3d11      28%         4
 Olgreb's Toxic Radiance  Pois           20%        N/A       28%         4
 Summon Forest            Summ/Tloc      14%        N/A       41%         5
 Alistair's Intoxication  Tmut/Pois      13%        N/A       61%         5
 Summon Cactus Giant      Summ           19%        N/A       78%         6
 Eringya's Noxious Bog    Tmut/Pois      10%        4d6       99%         6
 Ignition                 Fire           35%        3d11      99%         8
 Lehudib's Crystal Spear  Conj/Erth      34%        10d9      99%         8
 Monstrous Menagerie      Summ           19%        N/A       100%        7
 Summon Hydra             Summ           19%        N/A       100%        7
 Discord                  Hex            20%        N/A       100%        8
 Animate Armour           Summ/Erth      Unusable   N/A       N/A         4

Dungeon Overview and Level Annotations

Branches:
Dungeon (13/15)            Temple (1/1) D:5            Lair (5/5) D:10
  Swamp (0/4) Lair:2       Spider (0/4) Lair:2        Slime (0/5) Lair:4
    Orc (0/2) D:12         Vaults (0/5) D:13

Altars:
Ashenzari
Cheibriados
Dithmenos
Elyvilon
Fedhas
Gozag
Hepliaklqana
Kikubaaqudgha
Makhleb
Nemelex Xobeh
Okawaru
Qazlal
Ru
Sif Muna
Trog
Uskayaw
Vehumet
Wu Jian
Xom
Yredelemnul
Zin
The Shining One
Jiyva

Shops:
D:3 :   D:7 :*   D:8 :   D:10 :

Portals:
Abyss: Lair:2

Annotations:
D:13 Lodul
Temple 4 transporters
Lair:2 2 transporters, Jaike's ghost, journeyman DjCA


Innate Abilities, Weirdness & Mutations

You cannot wear most types of armour.
You are amphibious.
You can wear up to eight rings at the same time.
Your skin changes colour to match your surroundings (Stealth+).
Your rubbery body absorbs attacks. (AC +1, EV +1)
((You are camouflaged when in or above water. (Stealth+)))
You have tentacles for arms and can constrict up to eight enemies at once.
You are partially covered in iridescent scales. (AC +2)
Your body sometimes deteriorates upon taking damage.


Message History

Casting: Flame Wave (safe; 1% risk of failure)
Confirm with . or Enter, or press ? or * to list all spells.
Casting: Flame Wave (safe; 1% risk of failure)
Press: ? - help, Dir - look around, f - activate A wave of flame ripples out!
The flame wave engulfs the death yak!
The death yak is moderately wounded.
The flame wave engulfs the death yak!!
The death yak is burned terribly!
The death yak is heavily wounded. (Press . to intensify the flame waves.)
You hear a bellow!
The death yak is no longer more vulnerable to fire.
A death yak comes into view.
The death yak is engulfed in blazing flames.
The death yak gores you!! The death yak gores you.
A death yak comes into view.
The forest fire spreads! x2
A death yak comes into view.
Unknown command.
A wave of flame ripples out!
The flame wave engulfs the death yak.
The death yak is heavily wounded.
The flame wave engulfs the death yak!
The death yak is severely wounded.
A wolf comes into view.
The death yak is engulfed in blazing flames.
The death yak gores you!!
* * * LOW HITPOINT WARNING * * *
The death yak is engulfed in blazing flames.
You block the death yak's attack.
The forest fire spreads!
A wave of flame ripples out!
The flame wave engulfs the death yak!
The death yak is almost dead.
The flame wave engulfs the death yak!!
You kill the death yak!
Sif Muna accepts your kill.
The flame wave engulfs the wolf!
The wolf is moderately wounded.
You finish channelling waves of flame.
You hear a howl!
You hear a shout!
You hear an angry buzzing noise.
The death yak is engulfed in blazing flames.
The death yak gores you!
You die...

####### .....P# ♣♣
.....# ♣.. ....## ♣♣♣...
....# ###### ♣♣♣♣♣....♣
....###.##.###.......♣
.....P..##..#...)h...♣♣
..........)..†.†.§§§..♣♣
......##.#...)..@Y§§iY.♣
....###.#######..§§§♣Y.♣
....# ### #§§§§§§♣ ....#
##§§.§§Yh ....#
##♣♣§§♣♣.. ..[.# §♣♣ .
.... ♣♣ .. ...


You could see 4 death yaks, a spriggan and 2 wolves.

Vanquished Creatures
  Kirke (D:12)
  The ghost of mora the Blocker, a journeyman FoFi of Qazlal (Lair:4)
  2 ogre magi (D:13)
  Erica (D:11)
  5 two-headed ogres
  A centaur warrior (D:13)
  11 death yaks
  Sonja (D:11)
  A skeletal warrior (D:13)
  A skyshark (Lair:4)
  A bog body (Lair:2)
  A lindwurm (Lair:4)
  A deep elf pyromancer (D:12)
  3 cyclopes (D:12)
  7 elephants
  2 black mambas
  Maurice (D:12)
  3 centaur skeletons (D:13)
  10 cane toads
  A kobold demonologist (D:12)
  An unseen horror (D:12)
  3 komodo dragons
  A queen bee (Lair:3)
  4 polar bears
  3 hornets
  4 trolls
  9 blink frogs
  A dream sheep (D:7)
  4 slime creatures (D:12)
  2 jumping spiders (Lair:2)
  3 spriggans (Lair:5)
  A shadow (D:11)
  3 wraiths (D:11)
  2 vampires
  3 steam dragons
  8 wyverns
  4 hogs (D:12)
  36 yaks
  3 fire bats (Lair:3)
  5 basilisks
  2 acid dragons
  17 water moccasins
  6 orc warriors
  2 black bears (D:10)
  A sky beast (D:7)
  10 ogres
  A boggart (D:13)
  43 wolves
  A phantom (D:4)
  5 centaurs
  6 kobold brigands
  13 bullfrogs
  6 gnoll sergeants
  3 scorpions
  29 killer bees
  An electric eel (D:13)
  A howler monkey (D:10)
  A jelly (D:5)
  10 hounds
  7 orc priests
  4 iguanas
  3 sleepcaps
  A gnoll bouda (D:6)
  7 orc wizards
  A hell rat (Lair:3)
  Robin (D:2)
  22 gnolls
  4 adders
  A white imp (D:5)
  2 ufetubi (D:4)
  2 dart slugs
  33 orcs
  2 bats
  6 endoplasms
  4 giant cockroaches
  14 goblins
  10 hobgoblins
  2 jackals (D:4)
  7 quokkas
  7 ball pythons
  8 frilled lizards
  18 kobolds
  2 rats
481 creatures vanquished.

Vanquished Creatures (collateral kills)
  A boulder (D:8)
  6 foxfires
7 creatures vanquished.

Vanquished Creatures (others)
  4 dream sheep (D:7)
  2 humans (D:12)
  1211 foxfires
1217 creatures vanquished.

Grand Total: 1705 creatures vanquished

Notes
Turn   | Place    | Note
-------+----------+-------------------------------------------
     0 | D:1      | Conn the Octopode Fire Elementalist began the quest for the
                  | Orb.
     0 | D:1      | Reached XP level 1. HP: 11/11 MP: 3/3
    77 | D:1      | Reached XP level 2. HP: 17/17 MP: 3/5
   118 | D:1      | Learned a level 2 spell: Scorch
   582 | D:1      | Reached XP level 3. HP: 21/21 MP: 3/6
  1826 | D:2      | Noticed Robin
  1833 | D:2      | Killed Robin
  1834 | D:2      | Reached skill level 2 in Conjurations
  1834 | D:2      | Reached XP level 4. HP: 23/27 MP: 0/7
  2185 | D:3      | Learned a level 3 spell: Inner Flame
  2270 | D:3      | Found Haigiq's Book Shoppe.
  2615 | D:3      | Noticed a scorpion
  2625 | D:3      | Killed a scorpion
  2626 | D:3      | Reached skill level 1 in Hexes
  2626 | D:3      | Reached XP level 5. HP: 31/31 MP: 0/9
  3286 | D:4      | Found a sparkling altar of Nemelex Xobeh.
  3374 | D:4      | Reached XP level 6. HP: 11/36 MP: 10/10
  3743 | D:4      | Reached skill level 3 in Conjurations
  4184 | D:5      | Entered Level 5 of the Dungeon
  4277 | D:5      | Reached XP level 7. HP: 41/41 MP: 6/12
  4417 | D:5      | Found a snail-covered altar of Cheibriados.
  4753 | D:5      | Reached skill level 5 in Stealth
  4872 | D:5      | Reached skill level 4 in Conjurations
  4879 | D:5      | Reached XP level 8. HP: 46/46 MP: 10/14
  5032 | D:5      | Found a staircase to the Ecumenical Temple.
  5036 | Temple   | Found a transporter.
  5036 | Temple   | Found a transporter.
  5036 | Temple   | Found a transporter.
  5036 | Temple   | Found a transporter.
  5036 | Temple   | Entered the Ecumenical Temple
  5098 | D:5      | Learned a level 4 spell: Flame Wave
  5102 | D:5      | Learned a level 3 spell: Stone Arrow
  5500 | D:6      | Noticed a gargoyle
  5954 | D:7      | Found Hifom's Book Boutique.
  6214 | D:7      | Reached skill level 5 in Conjurations
  6214 | D:7      | Reached skill level 1 in Earth Magic
  6283 | D:7      | Found a hazy altar of Hepliaklqana.
  6334 | D:7      | Reached skill level 5 in Spellcasting
  6468 | D:7      | Noticed a yak
  6471 | D:7      | Noticed a yak
  6472 | D:7      | Noticed a yak
  6474 | D:7      | Noticed a yak
  6475 | D:7      | Noticed a yak
  6476 | D:7      | Killed a yak
  6476 | D:7      | Killed a yak
  6477 | D:7      | Reached skill level 5 in Fire Magic
  6477 | D:7      | Reached XP level 9. HP: 51/51 MP: 10/17
  6482 | D:7      | Reached skill level 6 in Conjurations
  6552 | D:7      | Reached skill level 5 in Dodging
  6566 | D:7      | Found Isanal's Assorted Antiques.
  6697 | D:7      | Bought a scroll labelled TEAZOG BITSUKAUSK for 23 gold
                  | pieces
  6697 | D:7      | Bought a scroll labelled FIMAOJ HIRGHU for 23 gold pieces
  6697 | D:7      | Bought a scroll labelled YFILUU ZUOFF for 23 gold pieces
  6858 | D:7      | Found a shimmering altar of Xom.
  7139 | D:7      | Learned a level 4 spell: Brom's Barrelling Boulder
  7560 | D:8      | Reached XP level 10. HP: 50/56 MP: 19/19
  7673 | D:8      | Found Ogaecw's Self-Improvement Boutique.
  8251 | D:9      | Reached skill level 7 in Conjurations
  8336 | D:9      | Reached skill level 5 in Earth Magic
  8538 | D:8      | Noticed a rust devil
  8538 | D:8      | Noticed a rust devil
  9147 | D:9      | Found a white marble altar of Elyvilon.
  9147 | D:9      | Found an opulent altar of Gozag.
  9388 | D:10     | Entered Level 10 of the Dungeon
  9637 | D:10     | Found a hide-covered altar of Uskayaw.
  9647 | D:10     | Found Huepeit's Book Boutique.
  9655 | D:10     | Bought a book of Fire for 416 gold pieces
  9663 | D:10     | Learned a level 6 spell: Starburst
  9802 | D:10     | Found a stormy altar of Qazlal.
 10097 | D:10     | Found a shimmering blue altar of Sif Muna.
 10100 | D:10     | Noticed an elephant
 10123 | D:10     | Became a worshipper of Sif Muna the Loreminder
 10134 | D:10     | Killed an elephant
 10135 | D:10     | Reached skill level 8 in Conjurations
 10314 | D:10     | Found a staircase to the Lair.
 10623 | D:11     | Noticed Sonja
 10775 | D:11     | Killed Sonja
 10776 | D:11     | Reached XP level 11. HP: 61/61 MP: 20/23
 10995 | D:11     | Noticed Erica
 11004 | D:11     | Learned a level 3 spell: Summon Guardian Golem
 11016 | D:11     | Killed Erica
 11017 | D:11     | Reached skill level 9 in Conjurations
 11295 | D:12     | Reached * piety under Sif Muna
 11597 | D:12     | Noticed a cyclops
 11609 | D:12     | Killed a cyclops
 11705 | D:12     | Noticed Kirke
 11706 | D:12     | Reached skill level 10 in Conjurations
 11708 | D:12     | Noticed a manticore
 11713 | D:12     | Killed Kirke
 11768 | D:12     | Noticed a cyclops
 11775 | D:12     | Killed a cyclops
 11775 | D:12     | Identified the +1 rapier "Goblinslayer" {heavy, MP+9 Str+5
                  | Dex-4}
 11776 | D:12     | Reached XP level 12. HP: 66/66 MP: 25/25
 11784 | D:12     | Reached ** piety under Sif Muna
 11949 | D:12     | Noticed a two-headed ogre
 11956 | D:12     | Killed a two-headed ogre
 12051 | D:12     | Reached skill level 10 in Spellcasting
 12057 | D:12     | Found a staircase to the Orcish Mines.
 12371 | D:12     | Noticed Maurice
 12380 | D:12     | Killed Maurice
 12381 | D:12     | Reached skill level 1 in Shields
 12381 | D:12     | Reached skill level 1 in Invocations
 12523 | D:13     | Noticed Lodul
 12528 | D:13     | Noticed a two-headed ogre
 12843 | D:13     | Noticed a two-headed ogre
 12866 | D:13     | Killed a two-headed ogre
 13075 | D:13     | Noticed a centaur warrior
 13086 | D:13     | Reached skill level 11 in Conjurations
 13137 | D:13     | Noticed a two-headed ogre
 13137 | D:13     | Noticed a two-headed ogre
 13139 | D:13     | Noticed an ogre mage
 13141 | D:13     | Killed a two-headed ogre
 13142 | D:13     | Killed a two-headed ogre
 13148 | D:13     | Killed a two-headed ogre
 13151 | D:13     | Killed an ogre mage
 13161 | D:13     | Gained mutation: Your body sometimes deteriorates upon
                  | taking damage. [potion of mutation]
 13161 | D:13     | Gained mutation: You are partially covered in iridescent
                  | scales. (AC +2) [potion of mutation]
 13166 | D:13     | Killed a centaur warrior
 13242 | D:13     | Noticed an ogre mage
 13246 | D:13     | Reached *** piety under Sif Muna
 13246 | D:13     | Killed an ogre mage
 13395 | D:13     | Found a gate to the Vaults.
 13532 | D:13     | Noticed a centaur warrior
 13887 | Lair:1   | Entered Level 1 of the Lair of Beasts
 13900 | Lair:1   | Reached XP level 13. HP: 67/71 MP: 27/27
 14658 | Lair:1   | Reached **** piety under Sif Muna
 14770 | Lair:1   | Reached skill level 5 in Invocations
 15217 | Lair:1   | Learned a level 3 spell: Swiftness
 15222 | Lair:1   | Learned a level 4 spell: Airstrike
 15434 | Lair:2   | Found a transporter.
 15437 | Lair:2   | Noticed a rakshasa
 15548 | Lair:2   | Noticed Jaike's ghost (journeyman DjCA)
 15549 | Lair:2   | Found a hole to the Spider Nest.
 15567 | Lair:2   | Reached skill level 5 in Shields
 15567 | Lair:2   | Reached skill level 1 in Air Magic
 15744 | Lair:2   | Found a transporter.
 16324 | Lair:2   | Found a staircase to the Swamp.
 16336 | Lair:2   | Reached skill level 1 in Summonings
 16488 | Lair:2   | Found a one-way gate to the infinite horrors of the Abyss.
 16760 | Lair:3   | Found a frozen archway.
 16875 | Lair:3   | Reached skill level 12 in Conjurations
 16883 | Lair:3   | Reached ***** piety under Sif Muna
 17094 | Lair:4   | Found a runed translucent door.
 17095 | Lair:4   | Noticed mora's ghost (journeyman FoFi)
 17292 | Lair:4   | Identified Imij's Handbook of the Brilliant Blink Frog (Sif
                  | Muna gifted it to you on level 4 of the Lair of Beasts)
 17292 | Lair:4   | Received a gift from Sif Muna
 17304 | Lair:4   | Reached XP level 14. HP: 76/76 MP: 29/29
 18829 | Lair:4   | Found a viscous altar of Jiyva.
 18829 | Lair:4   | Found a staircase to the Slime Pits.
 19566 | Lair:4   | Killed mora's ghost
 19605 | Lair:5   | Entered Level 5 of the Lair of Beasts
 19834 | Lair:5   | HP: 2/76 [death yak (29)]
 19835 | Lair:5   | Mangled by a death yak

Illustrated notes

Levels and vault maps discovered:
D:1:      dpeg_arrival_central, layout_basic
D:2:      layout_basic, grunt_ministairs_4, minmay_tromino_v7, uniq_robin
D:3:      layout_basic, serial_shops, shop
D:4:      layout_basic, old_standard_altar, minmay_close_crescents
D:5:      layout_cave_pools, mainiacjoe_overflow_small_starburst,
          temple_hall_moat, serial_column_ruins, column_ruins_hut_ruined,
          column_ruins_square_small, column_ruins_open_large,
          column_ruins_columns_straight, column_ruins_grid_1,
          column_ruins_grid_1, column_ruins_columns_corner,
          column_ruins_corridor_straight, grunt_decor_clamped,
          kennysheep_generic_room_4
D:6:      nicolae_cairo_tiling, layout_rooms, patterned_corridor
D:7:      layout_loops_ring, kennysheep_mini_moat, kb_xom_exploding_sheep,
          serial_shops, nicolae_stop_n_shop_2, shop,
          chequers_serial_rivers_marsh
D:8:      cheibrodos_iron_armory, layout_basic, nicolae_shop_self_help
D:9:      layout_cave_pods, gammafunk_temple_overflow_pools
D:10:     layout_stronghold, lemuel_crystal_altar,
          mainiacjoe_overflow_six_doors_small, overflow_temple_1_default,
          david_lair_generic, serial_shops, shop
D:11:     layout_cave_pools, uniq_erica, uniq_sonja
D:12:     layout_loops_ring, kennysheep_orc_monster_closet_entryway, uniq_kirke,
          uniq_maurice
D:13:     layout_basic, hangedman_vaults_entry_quadrant_bands,
          kennysheep_island_fort, uniq_lodul
Temple:   hellmonk_temple_divided_pantheon
Lair:1:   beast_lair_carwin_large_4, layout_cave_shapes
Lair:2:   layout_cave_pods, skrybe_swamp_entry_bodies, spider_nest_entry_a,
          gammafunk_ghost_abyssal_escape, grunt_megastairs_2
Lair:3:   regret_index_wax_grids, layout_regular_city,
          nicolae_volcano_entry_batcave, portal_ice_cave_entry_pillars_1
Lair:4:   layout_loops_ring, dpeg_slime_entry_corner, ebering_ghost_inner_flame
Lair:5:   minmay_lair_end_enchanted_forest, layout_hall_layers,
          gammafunk_ghost_grave, lemuel_fruit_tree, lemuel_fruit_fields,
          grunt_megastairs_5

Skill      XL: |  1  2  3  4  5  6  7  8  9 10 11 12 13 14 |
---------------+-------------------------------------------+-----
Stealth        | 3 4 5 6 |  6.0
Conjurations   | 2 3 4 5 6 8 10 11 12 | 12.6
Hexes          | 1 2 3 |  3.0
Spellcasting   | 3 4 5 6 8 9 10 11 | 11.7
Dodging        | 3 4 5 6 7 8 9 |  9.2
Fire Magic     | 4 5 6 7 8 9 |  9.3
Earth Magic    | 2 4 5 |  5.0
Shields        | 3 5 6 |  6.9
Invocations    | 4 6 7 |  7.5
Air Magic      | 3 4 |  4.8
Summonings     | 1 2 |  2.9

Action                     |  1- 3 |  4- 6 |  7- 9 | 10-12 | 13-15 || total
---------------------------+-------+-------+-------+-------+-------++-------
  Melee: Unarmed           |     7 |       |       |       |       ||     7
         Constrict         |    16 |     7 |    12 |     5 |     8 ||    48
         Tentacles         |    17 |     4 |    12 |     3 |    12 ||    48
         Dagger            |    48 |    33 |    36 |     6 |       ||   123
         Punch             |       |       |       |     1 |     1 ||     2
         Rapier            |       |       |       |     1 |    31 ||    32
   Cast: Foxfire           |    50 |    63 |   108 |   269 |   225 ||   715
         Scorch            |     2 |     7 |    52 |    89 |   117 ||   267
         Inner Flame       |       |       |    13 |    56 |    22 ||    91
         Flame Wave        |       |       |     4 |    18 |    55 ||    77
         Stone Arrow       |       |       |     1 |     1 |       ||     2
         Brom's Barrelling |       |       |     1 |     2 |       ||     3
         Summon Guardian G |       |       |       |     1 |     1 ||     2
         Starburst         |       |       |       |     4 |    13 ||    17
         Airstrike         |       |       |       |       |    10 ||    10
         Swiftness         |       |       |       |       |     1 ||     1
  Evoke: Wand              |       |       |     2 |       |       ||     2
    Use: Scroll            |       |     2 |     7 |    11 |     4 ||    24
         Potion            |       |       |     2 |     7 |     1 ||    10
   Stab: Sleeping          |     3 |     7 |    10 |       |     4 ||    24
 Armour: Skin              |    18 |    17 |    42 |    50 |   104 ||   231
  Dodge: Dodged            |    28 |    17 |    38 |    51 |   112 ||   246
  Block: Buckler           |       |       |       |       |    44 ||    44

Table legend: (Time is in decaauts)
 A = Elapsed time spent in this place.
 B = Non-inter-level travel time spent in this place.
 C = Inter-level travel time spent in this place.
 D = Time resting spent in this place.
 E = Time spent auto-exploring this place.
 F = Levels seen in this place.
 G = Mean time per level.
                   A        B        C        D        E       F      G
               +--------+--------+--------+--------+--------+-----+--------+
         Total |  19839 |  19340 |    499 |   1136 |  13531 |  19 | 1044.2 |
       Dungeon |  13876 |  13433 |    443 |    985 |   9265 |  13 | 1067.4 |
        Temple |      9 |      9 |      0 |      0 |      0 |   1 |    9.0 |
          Lair |   5952 |   5896 |     56 |    151 |   4266 |   5 | 1190.4 |
               +--------+--------+--------+--------+--------+-----+--------+

Top non-repeatable levels by time:
  Lair:3: 1658 daAuts
    D:12: 1458 daAuts
  Lair:2: 1383 daAuts
  Lair:1: 1364 daAuts
     D:9: 1327 daAuts
  Lair:4: 1317 daAuts
    D:10: 1300 daAuts
    D:13: 1132 daAuts
     D:5: 1130 daAuts
     D:1: 1096 daAuts
     D:3: 1093 daAuts
     D:2: 1057 daAuts
     D:7: 996 daAuts
     D:4: 933 daAuts
     D:8: 884 daAuts
